 Dungeon Crawl Stone Soup version 0.25.0-41-g26779e291d (webtiles) character file.

Game seed: 15077888394049649376

330 Ethylacetat the Poker (level 6, -12/43 HPs)
             Began as an Octopode Gladiator on July 10, 2020.
             Blown up by a crimson imp (24 damage)
             ... with a disintegration bolt
             ... on level 4 of the Dungeon.
             The game lasted 00:04:00 (3040 turns).

Ethylacetat the Poker (Octopode Gladiator)          Turns: 3040, Time: 00:04:00

Health: -12/43     AC:  1    Str: 15    XL:     6   Next: 51%
Magic:  6/6        EV: 14    Int: 10    God:
Gold:   140        SH:  0    Dex: 14    Spells: 5/5 levels left

rFire    . . .     SeeInvis .   a - +0 trident
rCold    . . .     Gourm    .   (no shield)
rNeg     . . .     Faith    .   b - +0 hat
rPois    .         Spirit   .   (no amulet)
rElec    .         Reflect  .   n - ring of teleportation (curse)
rCorr    .         Harm     .   (no ring)
MR       .....     Rnd*Tele +   (no ring)
Stlth    ++........             (no ring)
HPRegen  0.14/turn              (no ring)
MPRegen  0.10/turn              (no ring)
                                (no ring)
                                (no ring)

@: no status effects
A: almost no armour, stealthy swim, amphibious, 8 rings, constrict 8, camouflage
1, gelatinous body 1
a: no special abilities


You were on level 4 of the Dungeon.
You were not hungry.

You visited 1 branch of the dungeon, and saw 4 of its levels.

You collected 140 gold pieces.

Inventory:

Hand Weapons
 a - a +0 trident (weapon)
Missiles
 c - 3 throwing nets (quivered)
Armour
 b - a +0 hat (worn)
Jewellery
 n - a cursed ring of teleportation (left tentacle)
Scrolls
 e - 2 scrolls of amnesia {unknown}
 f - 3 scrolls of teleportation {unknown}
 g - a scroll of enchant weapon {unknown}
 i - a scroll of remove curse {unknown}
 k - 2 scrolls of identify {unknown}
 m - a scroll of fog {unknown}
Potions
 h - a potion of flight {unknown}
 j - a potion of lignification {unknown}
 l - 2 potions of haste {unknown}
Comestibles
 d - 5 rations
 o - 13 chunks of flesh


   Skills:
 + Level 4.1 Fighting
 * Level 6.0 Polearms
 - Level 2.0 Throwing
 - Level 3.0 Dodging


You had 5 spell levels left.
You didn't know any spells.
Your spell library was empty.

Dungeon Overview and Level Annotations

Branches:
Dungeon (4/15)
 Temple: D:4-7

Altars:
Beogh

Annotations:
D:3 3 runed translucent doors, Alannah's ghost, amateur DsHu


Innate Abilities, Weirdness & Mutations

You cannot wear most types of armour.
You are very stealthy in the water. (Stealth+)
You are amphibious.
You can wear up to eight rings at the same time.
You can use your tentacles to constrict eight enemies at once.
Your skin changes colour to match your surroundings (Stealth+).
Your rubbery body absorbs attacks. (AC +1, EV +1)


Message History

The crimson imp barely misses you.
You hit the crimson imp but do no damage.
You grab the crimson imp.
The crimson imp is lightly wounded.
You constrict the crimson imp.
The crimson imp zaps a wand.
You are blasted!
Ouch! That really hurt!
* * * LOW HITPOINT WARNING * * *
You are too injured to fight recklessly!
You are too injured to fight recklessly!
You hit the crimson imp. You squeeze the crimson imp.
The crimson imp is heavily wounded.
You constrict the crimson imp.
The crimson imp zaps a wand.
You barely resist. You barely miss the crimson imp.
You squeeze the crimson imp.
The crimson imp is severely wounded.
You constrict the crimson imp. The crimson imp closely misses you.
You hit the crimson imp but do no damage.
The crimson imp is almost dead.
You constrict the crimson imp.
The crimson imp zaps a wand.
You are blasted!
Ouch! That really hurt!
You die...

#########.#.######.###
#..................
#.........#########
#.......#.# ####.####.#
#######..####.#
##..........##.#
##..............########
#.........5@............
#...............########
#.......†.......#
#...............#
#...............#
##................
##..........##....
#############.##. #


You could see a crimson imp.

Vanquished Creatures
  A crimson imp (D:4)
  A hound (D:4)
  An orc wizard (D:4)
  An iguana (D:3)
  3 worker ants (D:4)
  6 adders
  2 worms
  3 dart slugs (D:1)
  2 leopard geckos (D:1)
  6 orcs
  2 bats
  4 giant cockroaches
  13 goblins
  5 hobgoblins
  2 jackals (D:2)
  2 quokkas
  2 ball pythons
  7 frilled lizards
  8 kobolds
  A leopard gecko skeleton (D:4)
  6 rats
78 creatures vanquished.

Notes
Turn   | Place    | Note
-------+----------+-------------------------------------------
     0 | D:1      | Ethylacetat the Octopode Gladiator began the quest for the
                  | Orb.
     0 | D:1      | Reached XP level 1. HP: 14/14 MP: 1/1
   197 | D:1      | Reached XP level 2. HP: 19/19 MP: 2/2
   756 | D:1      | Reached XP level 3. HP: 20/25 MP: 3/3
  1064 | D:2      | Found a faded altar of an unknown god.
  1071 | D:2      | Reached skill level 4 in Polearms
  1455 | D:2      | Reached XP level 4. HP: 17/30 MP: 4/4
  2204 | D:3      | Reached XP level 5. HP: 22/36 MP: 5/5
  2409 | D:3      | Found a runed translucent gate.
  2411 | D:3      | Noticed Alannah's ghost (amateur DsHu)
  2464 | D:3      | Reached skill level 5 in Polearms
  2772 | D:3      | Found a runed translucent gate.
  2772 | D:3      | Found a runed translucent gate.
  2778 | D:3      | Found a roughly hewn altar of Beogh.
  2916 | D:4      | Reached XP level 6. HP: 43/43 MP: 6/6
  2990 | D:4      | Reached skill level 6 in Polearms
  3040 | D:4      | Blown up by a crimson imp

Illustrated notes

Levels and vault maps discovered:
D:1:      dpeg_arrival_three_same_balls, layout_basic, serial_forest,
          infiniplex_forest_lined_2, infiniplex_forest_straight_2,
          infiniplex_forest_clump_medium, infiniplex_forest_fountain,
          nrook_uturn
D:2:      layout_basic, chequers_ecumenical_altar_island, first_ration
D:3:      layout_basic, biasface_ghost_orc_armoury
D:4:      layout_rooms

Skill      XL: |  1  2  3  4  5  6 |
---------------+-------------------+-----
Polearms       | 4 5 6 |  6.0
Fighting       | 3 4 |  4.1
Throwing       | |  2.0
Dodging        | |  3.0

Action                   |  1- 3 |  4- 6 || total
-------------------------+-------+-------++-------
Melee: Trident           |    64 |   108 ||   172
       Constrict         |    14 |    26 ||    40
       Tentacles         |    11 |    21 ||    32
 Stab: Sleeping          |    10 |     2 ||    12
  Eat: Chunk             |     2 |     5 ||     7
Armor: Skin              |       |     4 ||     4
Dodge: Dodged            |    11 |    58 ||    69
